 Dungeon Crawl Stone Soup version 0.30-a0-457-g4b7bca3bfa (webtiles) character file.

Game seed: 1341195225532292740

13314 arthad the Protected (level 12, -1/77 HPs)
             Began as a Gargoyle Fighter on Dec 13, 2022.
             Was an Initiate of Gozag.
             Shot with an arrow by a centaur (2 damage)
             ... on level 11 of the Dungeon.
             The game lasted 00:24:12 (12063 turns).

arthad the Protected (Gargoyle Fighter)            Turns: 12063, Time: 00:24:12

Health: -1/77      AC: 26    Str: 29    XL:     12   Next: 4%
Magic:  0/12       EV: 10    Int: 11    God:    Gozag
Gold:   2608       SH:  5    Dex:  8    Spells: 11/11 levels left

rFire   + . .      SeeInvis +    n - +1 war axe (holy)
rCold   . . .      Faith    .    c - +0 buckler
rNeg    + . .      Spirit   +    i - +1 chain mail {rF+}
rPois   ∞          Reflect  .    V - +2 hat {Int+3}
rElec   +          Harm     .    G - +0 cloak
rCorr   .          Rampage  .    (no gloves)
Will    .....                    D - +0 pair of boots
Stlth   ..........               P - amulet of guardian spirit
HPRegen 0.32/turn                Q - ring of see invisible
MPRegen 0.13/turn                (no ring)

@: gold aura, flying
A: sickness immunity, AC +8, negative energy resistance 1, electricity
resistance, torment resistance 1, petrification resistance, strong 1, noise
suppression
a: Renounce Religion, Potion Petition, Call Merchant, Bribe Branch


You were on level 11 of the Dungeon.
You worshipped Gozag.
Gozag was most pleased with you.
You visited 1 branch of the dungeon, and saw 11 of its levels.
You also visited: Sewer and Ossuary.

You collected 2955 gold pieces.
You spent 288 gold pieces at shops.
You paid 59 gold pieces to Gozag.

Inventory:

Hand Weapons
 a - a +0 war axe
 d - a +0 scythe of freezing
 f - a +1 shortbow of electrocution
 l - a +2 vampiric rapier
 n - a +1 war axe of holy wrath (weapon)
 F - a +4 scimitar of flaming
 R - a +0 trident of freezing
Missiles
 r - 30 poisoned darts (quivered)
 L - 3 atropa-tipped darts
 U - 6 javelins
 W - 2 curare-tipped darts
Armour
 b - a +0 scale mail
 c - a +0 buckler (worn)
 i - a +1 chain mail of fire resistance (worn)
 w - a +3 leather armour of willpower
 A - +0 steam dragon scales
 D - a +0 pair of boots (worn)
 G - a +0 cloak (worn)
 V - a +2 hat of intelligence (worn)
Magical Staves
 y - a staff of cold
Jewellery
 H - an amulet of faith
 P - an amulet of guardian spirit (around neck)
 Q - a ring of see invisible (left hand)
Wands
 v - a wand of digging (12)
 C - a wand of mindburst (5)
 K - a wand of charming (3)
 N - a wand of flame (20)
Scrolls
 g - 8 scrolls of identify
 j - a scroll of amnesia
 o - 3 scrolls of enchant weapon
 p - 2 scrolls of enchant armour
 u - 2 scrolls of teleportation
 B - a scroll of fear
 E - 3 scrolls of vulnerability
 J - a scroll of blinking
 M - a scroll of fog
 O - 4 scrolls of magic mapping {unknown}
 S - 2 scrolls of noise {unknown}
 T - 3 scrolls of poison
Potions
 e - a potion of degeneration
 h - 2 potions of attraction
 k - 4 potions of curing
 m - 4 potions of resistance
 q - 3 potions of haste
 s - 4 potions of mutation
 t - a potion of cancellation {unknown}
 x - 4 potions of lignification
 z - 4 potions of flight
 I - 3 potions of magic {unknown}


   Skills:
 * Level 10.2 Fighting
 * Level 8.2 Axes
 * Level 10.2 Armour
 + Level 5.0 Dodging
 + Level 7.3 Stealth
 + Level 7.5 Shields
 + Level 3.9 Evocations


You had 11 spell levels left.
You didn't know any spells.
Your spell library contained the following spells:

 Spells                   Type           Power      Damage    Failure   Level
 Apportation              Tloc           0%         N/A       88%         1
 Slow                     Hex            0%         N/A       88%         1
 Summon Small Mammal      Summ           0%         N/A       88%         1
 Call Canine Familiar     Summ           0%         N/A       99%         3
 Confusing Touch          Hex            0%         N/A       99%         3
 Dazzling Flash           Conj/Hex       0%         N/A       99%         3
 Ignite Poison            Fire/Tmut/Pois 0%         N/A       99%         3
 Inner Flame              Hex/Fire       0%         N/A       99%         3
 Kindle Blastsparks       Fire/Tloc/Air  0%         2d10      99%         3
 Ozocubu's Armour         Ice            0%         N/A       99%         3
 Summon Guardian Golem    Hex/Summ       0%         N/A       99%         3
 Vampiric Draining        Necr           0%         2d6       99%         3
 Flame Wave               Conj/Fire      0%         2d4       100%        4
 Olgreb's Toxic Radiance  Pois           0%         N/A       100%        4
 Sticky Flame             Conj/Fire      0%         2d3       100%        4
 Agony                    Necr           0%         N/A       100%        5
 Alistair's Intoxication  Tmut/Pois      0%         N/A       100%        5
 Freezing Cloud           Conj/Ice/Air   0%         6-21      100%        5
 Silence                  Hex/Air        0%         N/A       100%        5
 Ozocubu's Refrigeration  Ice            0%         4d7       100%        7
 Ignition                 Fire           0%         3d3       100%        8


Dungeon Overview and Level Annotations

Branches:
Dungeon (11/15)            Temple (0/1) D:7            Lair (0/5) D:9
    Orc (0/2) D:9           Sewer (visited)         Ossuary (visited)

Altars:
Ashenzari
Dithmenos
Gozag
Hepliaklqana
Qazlal
Sif Muna
Wu Jian
Yredelemnul
The Shining One

Shops:
D:5 :**:


Innate Abilities, Weirdness & Mutations

You are immune to sickness and miasma.
Your stone body is resilient. (AC +8)
You are immune to poison.
You resist negative energy. (rN+)
You are resistant to electric shocks. (rElec)
You are resistant to unholy torment.
You are immune to petrification.
Your muscles are strong. (Str +4, Int/Dex -1)
You passively dampen the noise of your surroundings.


Message History

As you read the scroll of teleportation, it crumbles to dust.
You feel strangely unstable. The boulder beetle bites you!
* * * LOW HITPOINT WARNING * * *
The boulder beetle attacks as you move away!
The boulder beetle bites you but does no damage.
The boulder beetle attacks as you move away!
The boulder beetle bites you but does no damage.
Your surroundings suddenly seem different.
Found a stone staircase leading up. 3 centaurs come into view.
The centaur shouts!
You hear a shout!
A centaur comes into view.
An acid dragon comes into view.
The centaur wields a +0 shortbow.
The centaur shoots an arrow.
The arrow hits you.
* * * LOW HITPOINT WARNING * * *
The centaur wields a +0 shortbow.
The centaur shoots an arrow.
The arrow barely misses you.
The centaur wields a +0 shortbow.
The centaur shoots an arrow.
The arrow hits you but does no damage.
The acid dragon roars!
Unknown command.
A centaur comes into view.
Found a scroll of teleportation.
The centaur shouts!
The centaur shoots an arrow.
The arrow hits you!
* * * LOW HITPOINT WARNING * * *
The centaur shoots an arrow.
The arrow hits you but does no damage.
The centaur wields a +0 shortbow.
The centaur shoots an arrow.
The arrow hits you but does no damage.
The centaur shoots an arrow.
The arrow closely misses you.
The centaur shoots an arrow.
The arrow hits you but does no damage.
There is a stone staircase leading up here.
Unknown command.
Unknown command.
Unknown command.
Unknown command.
The centaur shoots an arrow.
The arrow completely misses you.
The centaur shoots an arrow.
You block the arrow.
The centaur shoots an arrow.
The arrow hits you.
You die...
Your body crumbles into a pile of gold.

..... # ....
#### # ...##
.... ########
.... .....
.^...... ..#
c.... ########
# #.#.c.... #
#?. #.#.c....
####
.....##...c.D..
#...
#...@#......
#...
######......
#... $ #####
####


You could see an acid dragon and 4 centaurs.

Vanquished Creatures
  Gastronok (D:8)
  Erica (D:9)
  2 two-headed ogres
  A cyclops (D:11)
  Joseph (D:8)
  An unseen horror (D:9)
  Maggie (D:6)
  A gargoyle (D:10)
  A rime drake (D:9)
  2 hornets
  A slime creature (D:9)
  A troll (D:10)
  Sigmund (D:2)
  A vampire (D:9)
  13 yaks
  3 wyverns
  2 wraiths
  5 water moccasins
  9 ice beasts
  5 orc warriors
  A black bear (D:5)
  A centaur (D:9)
  2 ogres
  A wolf (D:9)
  A phantom (D:6)
  2 bullfrogs
  4 kobold brigands
  3 scorpions
  A necrophage (D:6)
  4 wights
  19 killer bees
  A howler monkey (D:9)
  A jelly (D:6)
  5 orc priests
  4 hounds
  Ijyb (D:3)
  4 iguanas
  2 orc wizards
  8 mummies (Ossuary)
  4 gnolls (D:5)
  2 river rats
  19 adders
  2 shadow imps
  An ufetubus (D:5)
  2 worms (D:2)
  2 dart slugs
  47 orcs
  5 endoplasms
  7 giant cockroaches
  A gnoll zombie (Ossuary)
  9 goblins
  6 hobgoblins
  6 jackals
  3 quokkas
  6 ball pythons
  5 bats
  2 frilled lizards
  3 hobgoblin zombies (Ossuary)
  22 kobolds
  A kobold zombie (Ossuary)
  3 orc zombies (Ossuary)
  13 rats
289 creatures vanquished.

Vanquished Creatures (collateral kills)
  An ogre (D:5)
1 creature vanquished.

Vanquished Creatures (others)
  20 plants
20 creatures vanquished.

Grand Total: 310 creatures vanquished

Notes
Turn   | Place    | Note
-------+----------+-------------------------------------------
     0 | D:1      | arthad the Gargoyle Fighter began the quest for the Orb.
     0 | D:1      | Reached XP level 1. HP: 14/14 MP: 1/1
    96 | D:1      | Reached XP level 2. HP: 14/19 MP: 2/2
   702 | D:2      | Reached XP level 3. HP: 23/23 MP: 3/3
   791 | D:2      | Reached skill level 1 in Stealth
   986 | D:2      | Noticed Sigmund
   992 | D:2      | Reached XP level 4. HP: 27/29 MP: 4/4
   994 | D:2      | Killed Sigmund
   995 | D:2      | Reached skill level 1 in Dodging
   995 | D:2      | Reached XP level 5. HP: 28/34 MP: 5/5
   995 | D:2      | Reached XP level 6. HP: 32/39 MP: 6/6
  1664 | D:3      | Noticed Ijyb
  1678 | D:3      | Killed Ijyb
  1783 | D:3      | Found an ornate altar of the Wu Jian Council.
  1783 | D:3      | Found a hazy altar of Hepliaklqana.
  1786 | D:3      | Found an opulent altar of Gozag.
  1789 | D:3      | Found a shadowy altar of Dithmenos.
  1791 | D:3      | Found a stormy altar of Qazlal.
  1792 | D:3      | Found a glowing golden altar of the Shining One.
  1793 | D:3      | Found a basalt altar of Yredelemnul.
  1796 | D:3      | Found a broken altar of Ashenzari.
  1798 | D:3      | Found a shimmering blue altar of Sif Muna.
  1820 | D:3      | Became a worshipper of Gozag Ym Sagoz the Greedy
  1860 | D:3      | You fall into a shaft and drop 2 floors!
  1860 | D:5      | Entered Level 5 of the Dungeon
  1948 | D:4      | Found a glowing drain.
  1972 | Sewer    | Entered a sewer
  2091 | Sewer    | Reached XP level 7. HP: 43/44 MP: 7/7
  2110 | Sewer    | Reached skill level 5 in Armour
  2776 | D:4      | Reached skill level 5 in Fighting
  3927 | D:5      | Reached XP level 8. HP: 33/50 MP: 8/8
  4120 | D:5      | Found Komyul's Assorted Antiques.
  4122 | D:5      | Found Kanouv's Assorted Antiques.
  4123 | D:5      | Found Wewerus's Book Shoppe.
  4127 | D:5      | Bought a scroll labelled PONEPT QAFOKHA for 31 gold pieces
  4127 | D:5      | Bought a scroll labelled OHUOCW BYRPHUA for 31 gold pieces
  4127 | D:5      | Bought 2 murky inky potions for 55 gold pieces
  4127 | D:5      | Bought a scroll labelled CUBEHE XUOPEHI for 31 gold pieces
  4151 | D:5      | Bought a scroll labelled CUBEHE XUOPEHI for 28 gold pieces
  4151 | D:5      | Bought a blackened bone wand for 112 gold pieces
  4387 | D:5      | Found Baciokh's Book Emporium.
  4408 | D:5      | Reached skill level 5 in Shields
  4774 | D:6      | Noticed Maggie
  4801 | D:6      | Killed Maggie
  4802 | D:6      | Reached skill level 5 in Axes
  4802 | D:6      | Reached XP level 9. HP: 15/56 MP: 9/9
  5112 | D:6      | Found a sand-covered staircase.
  5116 | Ossuary  | Entered an ossuary
  6079 | D:6      | Reached skill level 5 in Stealth
  6684 | D:7      | Found a staircase to the Ecumenical Temple.
  6783 | D:7      | Reached skill level 1 in Evocations
  7423 | D:8      | Reached XP level 10. HP: 44/64 MP: 6/10
  7540 | D:8      | Noticed Joseph
  7565 | D:8      | Killed Joseph
  8388 | D:8      | Noticed Gastronok
  8415 | D:8      | Killed Gastronok
  9417 | D:9      | Noticed a two-headed ogre
  9430 | D:9      | Killed a two-headed ogre
  9431 | D:9      | Gained mutation: Your muscles are strong. (Str +4, Int/Dex
                  | -1) [potion of mutation]
  9431 | D:9      | Gained mutation: You passively dampen the noise of your
                  | surroundings. [potion of mutation]
  9437 | D:9      | Reached XP level 11. HP: 51/71 MP: 3/11
  9588 | D:9      | Noticed Erica
  9610 | D:9      | Killed Erica
 10370 | D:9      | Found a staircase to the Lair.
 10642 | D:9      | Found a staircase to the Orcish Mines.
 10828 | D:10     | Entered Level 10 of the Dungeon
 11452 | D:10     | Reached skill level 10 in Armour
 11454 | D:10     | Reached skill level 10 in Fighting
 11694 | D:11     | Noticed a two-headed ogre
 11708 | D:11     | Killed a two-headed ogre
 11963 | D:11     | Reached XP level 12. HP: 52/77 MP: 9/12
 11990 | D:11     | Noticed a boulder beetle
 12053 | D:11     | Reached skill level 5 in Dodging
 12062 | D:11     | HP: 1/77 [centaur/arrow (7)]
 12063 | D:11     | Shot with an arrow by a centaur

Illustrated notes

Levels and vault maps discovered:
D:1:      matt_arrival_grand_opening, layout_rooms
D:2:      minmay_chambers_of_ones, layout_basic, serial_bayou_pond_c,
          st_stairs_9, minmay_octomino_c4, uniq_sigmund
D:3:      layout_loops_cross, nicolae_overflow_hallway_of_the_gods,
          chequers_garden, serial_bayou_lake_a, uniq_ijyb
D:4:      layout_basic, portal_sewer_entry_c
D:5:      layout_cave_pools, serial_shops, nicolae_shop_stone,
          nicolae_wooded_promenade, grunt_ministairs_10, minivault_1
D:6:      layout_gridville, enter_ossuary_5, uniq_maggie
D:7:      layout_basic, minmay_temple_entry_ruins
D:8:      layout_layer_cave, corexii_leaking_fountain, minmay_sticks_and_stones,
          uniq_gastronok
D:9:      layout_roguey [special_room_orc], hellmonk_lair_entry_icy,
          hangedman_minor_gate_pass, uniq_erica
D:10:     layout_roguey
D:11:     layout_basic, nicolae_diode_quadrants

Skill      XL: |  1  2  3  4  5  6  7  8  9 10 11 12 |
---------------+-------------------------------------+-----
Axes           | 2 3 4 5 6 7 8 |  8.2
Stealth        | 1 2 3 4 5 6 7 |  7.3
Fighting       | 4 5 6 7 9 10 | 10.2
Armour         | 4 5 6 7 9 10 | 10.2
Dodging        | 1 2 3 4 5 |  5.0
Shields        | 4 5 6 7 |  7.5
Evocations     | 1 2 3 |  3.9

Action                   |  1- 3 |  4- 6 |  7- 9 | 10-12 || total
-------------------------+-------+-------+-------+-------++-------
Melee: War axe           |   136 |   101 |   421 |   442 ||  1100
Throw: Dart              |       |       |    10 |    26 ||    36
Evoke: Wand              |       |       |     2 |     5 ||     7
  Use: Potion            |     1 |       |     5 |     8 ||    14
       Scroll            |       |     7 |     5 |     4 ||    16
 Stab: Distracted        |       |       |     3 |     5 ||     8
       Sleeping          |       |       |       |     1 ||     1
Armor: Scale mail        |    75 |    58 |   215 |    53 ||   401
       Chain mail        |       |       |       |   250 ||   250
       Skin              |       |       |       |     9 ||     9
Dodge: Dodged            |    75 |    50 |   202 |   235 ||   562
Block: Buckler           |    27 |    23 |    98 |   128 ||   276

Table legend: (Time is in decaauts)
 A = Elapsed time spent in this place.
 B = Non-inter-level travel time spent in this place.
 C = Inter-level travel time spent in this place.
 D = Time resting spent in this place.
 E = Time spent auto-exploring this place.
 F = Levels seen in this place.
 G = Mean time per level.
                   A        B        C        D        E       F      G
               +--------+--------+--------+--------+--------+-----+--------+
         Total |  12513 |  12128 |    385 |    884 |   8611 |  13 |  962.5 |
       Dungeon |  11354 |  10969 |    385 |    879 |   7709 |  11 | 1032.2 |
         Sewer |    936 |    936 |      0 |      5 |    757 |   1 |  936.0 |
       Ossuary |    222 |    222 |      0 |      0 |    145 |   1 |  222.0 |
               +--------+--------+--------+--------+--------+-----+--------+

Top non-repeatable levels by time:
     D:8: 1994 daAuts
     D:6: 1553 daAuts
     D:9: 1465 daAuts
     D:2: 982 daAuts
   Sewer: 936 daAuts
     D:7: 913 daAuts
     D:5: 904 daAuts
     D:4: 876 daAuts
    D:10: 873 daAuts
     D:3: 740 daAuts
     D:1: 668 daAuts
    D:11: 382 daAuts
 Ossuary: 222 daAuts
